 Seeded DCSS version 0.30.0-5-g1a98f26d00 (webtiles) character file.

Game seed: 9971811450500524053 (custom seed)

60 voltaire321 the Ducker (level 4, -3/34 HPs)
             Began as a Merfolk Gladiator on May 10, 2023.
             Succumbed to Crazy Yiuf's poison
             ... on level 2 of the Dungeon.
             The game lasted 00:02:53 (1582 turns).

voltaire321 the Ducker (Merfolk Gladiator)          Turns: 1582, Time: 00:02:54

Health: -3/34      AC:  4    Str: 14    XL:     4   Next: 4%
Magic:  4/4        EV: 13    Int:  9    God:
Gold:   86         SH:  0    Dex: 15    Spells: 3/3 levels left

rFire   . . .        f - +0 falchion (vamp)
rCold   . . .        (no shield)
rNeg    . . .        b - +0 leather armour
rPois   .            c - +0 helmet
rElec   .            (no cloak)
rCorr   .            (no gloves)
SInv    .            (no boots)
Will    .....        (no amulet)
Stlth   +            (no ring)
HPRegen 0.25/turn    (no ring)
MPRegen 0.09/turn

%: no passive effects
@: lethally poisoned (-3 -> -22)
A: (nimble swimmer 2), mertail
a: no special abilities


You were on level 2 of the Dungeon.
You visited 1 branch of the dungeon, and saw 2 of its levels.

You collected 86 gold pieces.

Inventory:

Hand Weapons
 a - a +0 long sword
 f - a +0 vampiric falchion (weapon)
Missiles
 d - 3 throwing nets (quivered)
 h - a javelin
Armour
 b - a +0 leather armour (worn)
 c - a +0 helmet (worn)
Scrolls
 g - 2 scrolls of identify {unknown}
 k - a scroll of poison {unknown}
 m - a scroll of magic mapping {unknown}
Potions
 e - a potion of attraction {unknown}
 i - a potion of invisibility {unknown}
 j - a potion of resistance {unknown}
 l - a potion of lignification {unknown}
 n - a potion of ambrosia {unknown}
 o - a potion of curing {unknown}


   Skills:
 + Level 2.8 Fighting
 + Level 4.1 Long Blades
 + Level 2.5 Throwing
 + Level 0.9 Armour
 + Level 4.5 Dodging


You had 3 spell levels left.
You didn't know any spells.
Your spell library contained the following spells:

 Spells                   Type           Power      Damage    Failure   Level
 Cigotuvi's Dreadful Rot  Necr/Pois/Air  0%         N/A       58%         2
 Dispel Undead            Necr           0%         3d6       99%         4
 Death Channel            Necr           0%         N/A       100%        6


Dungeon Overview and Level Annotations

Branches:
Dungeon (2/15)

Altars:

Shops:
D:2 *

Annotations:
D:2 Crazy Yiuf


Innate Abilities, Weirdness & Mutations

((You are very nimble when in or above water. (Stealth+, EV+, Speed+++)))
Your lower body shifts to a powerful aquatic tail in water.


Message History

Things that are here:
a +0 club; a +0 sling; a goblin skeleton Crazy Yiuf shouts!
Crazy Yiuf yells, "Shower!
Powder ena tired."
You open the door. You hit Crazy Yiuf.
Crazy Yiuf is lightly wounded.
Crazy Yiuf completely misses you.
You closely miss Crazy Yiuf.
Crazy Yiuf is lightly wounded.
Crazy Yiuf laughs, "Cod!
Leather pizzabubble down."
Crazy Yiuf barely misses you.
Crazy Yiuf hits you with a +3 quarterstaff of chaos!
You hit Crazy Yiuf.
Crazy Yiuf is moderately wounded.
Crazy Yiuf misses you.
You barely miss Crazy Yiuf.
Crazy Yiuf is moderately wounded.
Crazy Yiuf closely misses you.
You closely miss Crazy Yiuf.
Crazy Yiuf is moderately wounded.
Crazy Yiuf barely misses you.
You hit Crazy Yiuf but do no damage.
Crazy Yiuf is moderately wounded.
Crazy Yiuf flaps his cloak.
Crazy Yiuf hits you with a +3 quarterstaff of chaos.
You are electrocuted!
* * * LOW HITPOINT WARNING * * *
You hit Crazy Yiuf.
You feel better.
Crazy Yiuf is moderately wounded.
Crazy Yiuf barely misses you.
You closely miss Crazy Yiuf.
Crazy Yiuf is moderately wounded.
Crazy Yiuf twirls on the spot.
Crazy Yiuf hits you with a +3 quarterstaff of chaos!
* * * LOW HITPOINT WARNING * * *
You are lethally poisoned!
You hit Crazy Yiuf but do no damage.
Crazy Yiuf is moderately wounded.
You die...

#.>..<..#........#.##
#..................##
#.......###..........
######### ###.....#..
#........
♣♣♣♣♣##......[. ###
♣♣♣.♣..#.........
#...#♣..♣.........##..
#...g@♣♣♣♣........##..
#)..#♣♣ ♣♣.#.....##..
### ♣♣##....##..
#........ ###.#....
### #.#.##. ##.#
#..÷... #..#
#######[###.. #.##
#.......##...


You could see Crazy Yiuf.

Vanquished Creatures
  Terence (D:2)
  A dart slug (D:1)
  A ball python (D:1)
  3 endoplasms
  A giant cockroach (D:2)
  3 goblins
  5 hobgoblins
  4 jackals (D:1)
  5 kobolds
  A quokka (D:1)
  A frilled lizard (D:1)
  2 rats (D:1)
28 creatures vanquished.

Notes
Turn   | Place    | Note
-------+----------+-------------------------------------------
     0 | D:1      | voltaire321 the Merfolk Gladiator began the quest for the
                  | Orb.
     0 | D:1      | Reached XP level 1. HP: 16/16 MP: 1/1
    84 | D:1      | Reached XP level 2. HP: 14/23 MP: 2/2
   444 | D:1      | Reached XP level 3. HP: 25/28 MP: 3/3
  1026 | D:2      | Noticed Terence
  1027 | D:2      | Found Otaik's Assorted Antiques.
  1053 | D:2      | Killed Terence
  1216 | D:2      | Reached XP level 4. HP: 31/34 MP: 4/4
  1393 | D:2      | Found a runed translucent door.
  1394 | D:2      | Noticed Crazy Yiuf
  1581 | D:2      | HP: 1/34 [Crazy Yiuf/+3 quarterstaff of chaos (7)]
  1582 | D:2      | Succumbed to Crazy Yiuf's poison

Illustrated notes

Levels and vault maps discovered:
D:1:      evilmike_arrival_plus, layout_basic, solitary_fountain
D:2:      layout_rooms, serial_shops, nicolae_diamond_shop,
          uniq_crazy_yiuf_cottage, uniq_terence

Skill      XL: |  1  2  3 |
---------------+----------+-----
Long Blades    | 4 |  4.1
Fighting       | |  2.8
Throwing       | |  2.5
Armour         | |  0.9
Dodging        | |  4.5

Action                     |  1- 3 |  4- 6 || total
---------------------------+-------+-------++-------
  Melee: Long sword        |    77 |       ||    77
         Falchion          |     4 |    14 ||    18
  Throw: Javelin           |     1 |       ||     1
    Use: Potion            |     1 |       ||     1
 Armour: Leather armour    |    13 |     3 ||    16
  Dodge: Dodged            |    52 |     8 ||    60
